 Dungeon Sprint DCSS version 0.20-a0-263-g81abdfb (webtiles) character file.

4281 HAWKINGL3623 the Blocker (level 10, -7/79 HPs)
             Began as a Gargoyle Fighter on Dec 4, 2016.
             Mangled by a large slime creature (21 damage)
             ... in the Dungeon (Sprint V: "Ziggurat Sprint").
             The game lasted 00:07:38 (497 turns).

HAWKINGL3623 the Blocker (Gargoyle Fighter)          Turns: 497, Time: 00:07:39

Health: -7/79      AC: 41    Str: 39    XL:     10   Next: 32%
Magic:  12/12      EV:  7    Int:  8    God:
Gold:   0          SH:  0    Dex: 11    Spells: 12/12 levels left

rFire  + . .     SeeInvis +     u - +6 shillelagh "Devastator" {shatter}
rCold  . . .     Gourm    .     F - +15 Maxwell's patent armour {-Cast -Tele rElec MR+ rCorr}
rNeg   + . .     Faith    .     v - +3 large shield
rPois  ∞         Spirit   .     (no helmet)
rElec  +         Reflect  .     l - +2 cloak of the Poles {rF+ Slay+2 SInv}
rCorr  +         Harm     .     (no gloves)
MR     +....     NoTele   +     (no boots)
Stlth  .......... NoCast   +    G - amulet of regeneration
                                z - +6 ring of strength
                                y - +6 ring of strength

@: confused, mighty, exhausted, slowed, very slow
A: agile 1, dopey 1, negative energy resistance 1, robust 1, electricity
resistance, unbreathing, petrification resistance, rot immunity, subdued magic
1, AC +7
a: no special abilities


You were in the Dungeon.
You were not hungry.

You visited 1 branch

Inventory:

Hand Weapons
 u - the +6 shillelagh "Devastator" (weapon) {shatter}
   (You found it in the Dungeon)
Armour
 l - the +2 cloak of the Poles (worn) {rF+ Slay+2 SInv}
   (You found it in the Dungeon)

   It affects your accuracy and damage with ranged weapons and melee attacks
   (+2).
   It protects you from fire.
   It lets you see invisible.
 v - a +3 large shield (worn)
 F - the +15 Maxwell's patent armour (worn) {-Cast -Tele rElec MR+ rCorr}
   (You found it in the Dungeon)

   It insulates you from electricity.
   It affects your resistance to hostile enchantments.
   It prevents spellcasting.
   It prevents most forms of teleportation.
   It protects you from acid and corrosion.
Jewellery
 y - a +6 ring of strength (left hand)
 z - a +6 ring of strength (right hand)
 G - an amulet of regeneration (around neck)
Wands
 p - a wand of disintegration (7/24)
 r - a wand of iceblast (5/15)
 s - a wand of lightning (5/15)
 t - a wand of acid (5/15)
Scrolls
 k - 4 scrolls of blinking
 w - 4 scrolls of amnesia
 x - 3 scrolls of recharging
 A - 7 scrolls of fog
 B - a scroll of holy word
 C - 5 scrolls of identify
 D - 5 scrolls of remove curse
 E - 2 scrolls of fear
Potions
 d - 5 potions of might
 e - 10 potions of curing
 g - 7 potions of heal wounds
 h - 6 potions of haste
 i - 7 potions of magic
 j - a potion of berserk rage
 m - 2 potions of brilliance
 n - 2 potions of invisibility
 o - 4 potions of resistance
 q - 5 potions of agility
Miscellaneous
 a - a fan of gales
Comestibles
 b - 42 fruits
 c - 4 meat rations
 f - 5 bread rations


   Skills:
 + Level 12.7 Fighting
 + Level 9.9 Maces & Flails
 + Level 1.7 Throwing
 + Level 13.2 Armour
 + Level 1.8 Dodging
 + Level 2.6 Stealth
 + Level 14.2 Shields
 + Level 2.0 Unarmed Combat
 + Level 1.9 Spellcasting
 + Level 2.1 Evocations


You had 12 spell levels left.
You didn't know any spells.

Dungeon Overview and Level Annotations

Branches:
Dungeon (1/1)

Altars:
Ashenzari
Cheibriados
Dithmenos
Elyvilon
Fedhas
Gozag
Hepliaklqana
Kikubaaqudgha
Makhleb
Nemelex Xobeh
Okawaru
Qazlal
Ru
Sif Muna
Trog
Uskayaw
Vehumet
Xom
Yredelemnul
Zin
The Shining One
Beogh
Jiyva
Lugonu


Innate Abilities, Weirdness & Mutations

You are resistant to torment.
Your stone body is resilient. (AC +7)
You are immune to poison.
You resist negative energy. (rN+)
You are resistant to electric shocks. (rElec)
You can survive without breathing.
You are immune to petrification.
You are immune to rotting.
You are agile. (Dex +2)
You are dopey. (Int -2)
You are robust. (+10% HP)
Your spells are a little easier to cast, but a little less powerful.


Message History

The slime creatures and the large slime creature shudder.
The slime creature is severely wounded.
The large slime creature is heavily wounded.
The slime creature is almost dead.
The slime creature is severely wounded.
The slime creature hits you but does no damage.
A large slime creature splits.
You closely miss the slime creature.
The slime creature is almost dead.
The slime creature hits you but does no damage.
You bump into the unnaturally hard rock wall.
The slime creature barely misses you.
Two slime creatures merge to form a large slime creature. x2
You bump into the unnaturally hard rock wall.
You feel a strong urge to attack something.
You bump into the unnaturally hard rock wall.
You are no longer berserk.
You are exhausted.
You feel yourself slow down. The large slime creature hits you!!
You die...

▓..8©8..▓
▓..?))..▓
▓.."|:..▓
▓.......▓
▓.......▓
▓.......▓
▓.......▓
▓.▓..J▓.▓
▓....J@.▓
▓▓▓▓▓▓▓▓▓


You could see 2 large slime creatures.

Vanquished Creatures
  A shining eye (D)
  3 deep elf magi (D)
  An ugly thing (D)
  4 yaktaurs (D)
  2 merfolk (D)
  A blink frog (shapeshifter) (D)
  A golden eye (D)
  An air elemental (D)
  A centaur (D)
  A crocodile (shapeshifter) (D)
  6 orc wizards (D)
  3 orc priests (D)
  An orc (D)
26 creatures vanquished.

Notes
Turn   | Place    | Note
-------+----------+-------------------------------------------
     0 | D        | HAWKINGL3623 the Gargoyle Fighter began the quest for the Orb.
     0 | D        | Reached XP level 1. HP: 14/14 MP: 1/1
     0 | D        | Found a blossoming altar of Fedhas.
     1 | D        | Found a viscous altar of Jiyva.
     1 | D        | Found a hazy altar of Hepliaklqana.
     1 | D        | Found an opulent altar of Gozag.
     1 | D        | Found an ancient bone altar of Kikubaaqudgha.
     1 | D        | Found a corrupted altar of Lugonu.
     9 | D        | Found a burning altar of Makhleb.
    17 | D        | Found a bloodstained altar of Trog.
    17 | D        | Found a deep blue altar of Sif Muna.
    17 | D        | Found a sacrificial altar of Ru.
    17 | D        | Found a stormy altar of Qazlal.
    17 | D        | Found an iron altar of Okawaru.
    39 | D        | Found a sparkling altar of Nemelex Xobeh.
    41 | D        | Reached skill level 1 in Throwing
    41 | D        | Reached skill level 1 in Dodging
    41 | D        | Reached skill level 4 in Shields
    41 | D        | Reached skill level 1 in Spellcasting
    41 | D        | Reached XP level 2. HP: 20/20 MP: 1/4
   135 | D        | Entered arena 1.
   135 | D        | Noticed a merfolk
   135 | D        | Noticed a merfolk
   139 | D        | Killed a merfolk
   139 | D        | Reached skill level 7 in Shields
   139 | D        | Reached XP level 3. HP: 28/28 MP: 5/5
   139 | D        | Reached XP level 4. HP: 34/34 MP: 6/6
   139 | D        | Reached XP level 5. HP: 38/38 MP: 7/7
   143 | D        | Killed a merfolk
   143 | D        | Reached skill level 8 in Shields
   143 | D        | Reached XP level 6. HP: 39/46 MP: 8/8
   143 | D        | Reached XP level 7. HP: 44/51 MP: 9/9
   194 | D        | Entered arena 2.
   194 | D        | Noticed a cyan ugly thing
   194 | D        | Noticed a blink frog
   197 | D        | Reached skill level 5 in Maces & Flails
   202 | D        | Killed a blink frog
   202 | D        | Reached skill level 10 in Armour
   202 | D        | Reached skill level 9 in Shields
   205 | D        | Killed a cyan ugly thing
   205 | D        | Reached skill level 10 in Fighting
   205 | D        | Reached skill level 10 in Shields
   205 | D        | Reached XP level 8. HP: 59/59 MP: 10/10
   210 | D        | Gained mutation: You are agile. (Dex +2) [mutagenic meat]
   211 | D        | Gained mutation: Your spells are a little easier to cast, but a little less powerful. [mutagenic meat]
   212 | D        | Gained mutation: Your spells are easier to cast, but less powerful. [mutagenic meat]
   213 | D        | Lost mutation: Your spells are easier to cast, but less powerful. [mutagenic meat]
   216 | D        | Gained mutation: You are robust. (+10% HP) [mutagenic meat]
   219 | D        | Got the +2 cloak of the Poles {rF+ Slay+2 SInv}
   229 | D        | Entered arena 3.
   241 | D        | Entered arena 4.
   241 | D        | Noticed a deep elf mage
   241 | D        | Noticed a deep elf mage
   241 | D        | Noticed an air elemental
   241 | D        | Noticed a deep elf mage
   243 | D        | Noticed a redback
   249 | D        | Killed a deep elf mage
   249 | D        | Reached skill level 11 in Shields
   261 | D        | Killed a deep elf mage
   261 | D        | Reached skill level 1 in Evocations
   261 | D        | Reached XP level 9. HP: 71/71 MP: 11/11
   265 | D        | Killed a deep elf mage
   265 | D        | Reached skill level 12 in Shields
   349 | D        | Entered arena 5.
   349 | D        | Noticed a yaktaur
   349 | D        | Noticed a yaktaur
   349 | D        | Noticed a yaktaur
   349 | D        | Noticed a yaktaur
   351 | D        | Identified the +4 short sword "Undertaker" {freeze, rElec rF- MR+}
   354 | D        | Killed a yaktaur
   354 | D        | Reached skill level 13 in Shields
   355 | D        | Killed a yaktaur
   357 | D        | Killed a yaktaur
   357 | D        | Reached XP level 10. HP: 59/79 MP: 12/12
   460 | D        | Entered arena 6.
   471 | D        | Entered arena 7.
   471 | D        | Noticed a shining eye
   471 | D        | Gained mutation: You are dopey. (Int -2) [a shining eye]
   490 | D        | Killed a shining eye
   490 | D        | Reached skill level 14 in Shields
   497 | D        | Mangled by a large slime creature

Vault maps used:
D:        sprint_v

Skill      XL: |  1  2  3  4  5  6  7  8  9 10 |
---------------+-------------------------------+-----
Fighting       | 4 7 9 10 11 12 | 12.7
Maces & Flails | 3 4 5 7 9 |  9.9
Throwing       | 1 |  1.7
Armour         | 4 7 9 10 11 12 13 | 13.2
Dodging        | 1 |  1.8
Stealth        | 2 |  2.6
Shields        | 4 7 8 10 11 13 14 | 14.2
Unarmed Combat | 2 |  2.0
Spellcasting   | 1 |  1.9
Evocations     | 1 2 |  2.1

Action                   |  1- 3 |  4- 6 |  7- 9 | 10-12 || total
-------------------------+-------+-------+-------+-------++-------
Melee: Shillelagh        |     3 |     4 |    38 |    14 ||    59
Evoke: Fan of gales      |       |       |     1 |       ||     1
  Use: Potion            |     1 |       |     2 |     4 ||     7
  Eat: Chunk             |       |       |     5 |       ||     5
Armor: Plate armour      |     4 |       |    32 |    12 ||    48
Dodge: Dodged            |       |       |    12 |     7 ||    19
Block: Large shield      |     3 |     3 |    73 |     5 ||    84
